 Dungeon Crawl Stone Soup version 0.26-a0-812-g31a745ddcd (webtiles) character file.

Game seed: 1135349752437493494

61 Lanoc the Stinger (level 3, 0/16 HPs)
             Began as a Spriggan Venom Mage on Dec 9, 2020.
             Killed from afar by an orc wizard (7 damage)
             ... with a magic dart
             ... on level 3 of the Dungeon.
             The game lasted 00:01:43 (681 turns).

Lanoc the Stinger (Spriggan Venom Mage)              Turns: 681, Time: 00:01:44

Health: 0/16       AC:  2    Str:  4    XL:     3   Next: 83%
Magic:  0/8        EV: 19    Int: 17    God:
Gold:   0          SH:  0    Dex: 16    Spells: 6/7 levels left

rFire    + . .     SeeInvis +   (weapon restricted)
rCold    . . .     Faith    .   (shield restricted)
rNeg     . . .     Spirit   .   a - +0 robe
rPois    .         Reflect  .   (helmet restricted)
rElec    .         Harm     .   (no cloak)
rCorr    .         Rampage  .   (gloves unavailable)
MR       .....                  (boots unavailable)
Stlth    ++........             (no amulet)
HPRegen  0.05/turn              c - ring of protection from fire
MPRegen  0.11/turn              (no ring)

@: very quick
A: very small, unfitting armour, see invisible, speed 3
a: no special abilities


You were on level 3 of the Dungeon.
You visited 1 branch of the dungeon, and saw 3 of its levels.

Inventory:

Armour
 a - a +0 robe (worn)
Jewellery
 c - a ring of protection from fire (left hand)
Scrolls
 b - 3 scrolls of remove curse


   Skills:
 + Level 4.0 Dodging
 - Level 3.0 Stealth
 - Level 2.6 Spellcasting
 + Level 2.7 Transmutations
 * Level 4.0 Poison Magic


You had 6 spell levels left.
You knew the following spells:

 Your Spells              Type           Power        Failure   Level
a - Sting                 Tmut/Pois      ##..         4%          1

Your spell library contained the following spells:

 Spells                   Type           Power        Failure   Level
 Poisonous Vapours        Pois/Air       #.....       12%         2
 Ignite Poison            Fire/Tmut/Pois #.......     22%         3
 Mephitic Cloud           Conj/Pois/Air  #.......     30%         3
 Olgreb's Toxic Radiance  Pois           ###.....     34%         4


Dungeon Overview and Level Annotations

Branches:
Dungeon (3/15)

Altars:


Innate Abilities, Weirdness & Mutations

You are very small and have problems with some larger weapons.
You are too small for most types of armour.
You have supernaturally acute eyesight. (SInv)
You cover ground extremely quickly.


Message History

The jackal barely misses you.
The orc wizard hits you with a +0 dagger.
As you read the scroll labelled IFAUSTUWUSCH, it crumbles to dust.
You feel blessed for a moment.
It was a scroll of remove curse.
The jackal bites you.
The orc wizard hits you with a +0 dagger.
As you read the scroll labelled JESOSUPROS, it crumbles to dust.
You feel aware of your surroundings.
You sensed 2 altars.
It was a scroll of magic mapping.
The jackal barely misses you.
The orc wizard casts a spell.
The orc wizard seems to speed up.
Casting: Sting (safe; 4% risk of failure)
Confirm with . or Enter, or press ? or * to list all spells.
Press: ? - help, Shift-Dir - straight line, f - orc wizard, p - jackal
Aim: an orc wizard, wielding a +0 dagger and wearing a cursed +0 robe (lightly wounded, fast, slightly transparent)
The sting hits the orc wizard.
The orc wizard is poisoned.
The orc wizard is moderately wounded.
The orc wizard points at you and mumbles some strange words.
The magic dart hits you!
You die...

*,***
#.#.#######.###..#......#*
*,,,*
#.#.#....................,
***,*
#.#.#[#####............#*,
**#.####.#.#.#
#.######...>.#**
,,.......(...#
#............#
**#.#####..###
#.######....## *,***##((#
#.# *,,,....#
#........#######.#
*,*,#.#.#
#######.)..)hh@o.#
*,*,*,*,*
#...########***,*,*,*,***
#....,,,,<,,,,,,,,,,*,**,
#...##***,,,,,,,,,,,,,**,
#.###****,******,,,,,,,,,
#..,,,,,,,* **,*******
******************* *,*
,,,,,,,,,,,,,,,,,,* *,*
*****************,* *,*


You could see an orc wizard (fast, invisible, poisoned) and 2 jackals.

Vanquished Creatures
  A hound (D:3)
  An adder (D:3)
  A leopard gecko (D:2)
  5 orcs (D:3)
  A goblin (D:1)
  3 hobgoblins
  3 jackals
  A frilled lizard (D:3)
  A kobold (D:1)
  2 rats (D:3)
19 creatures vanquished.

Notes
Turn   | Place    | Note
-------+----------+-------------------------------------------
     0 | D:1      | Lanoc the Spriggan Venom Mage began the quest for the Orb.
     0 | D:1      | Reached XP level 1. HP: 9/9 MP: 5/5
   274 | D:2      | Reached XP level 2. HP: 13/13 MP: 3/6
   309 | D:3      | Noticed a water moccasin
   314 | D:3      | Reached XP level 3. HP: 15/16 MP: 2/8
   681 | D:3      | Killed from afar by an orc wizard

Illustrated notes

Levels and vault maps discovered:
D:1:      roderic_chinese_lattice_arrival, layout_basic, minmay_misc_feat_chi,
          minmay_cut_off
D:2:      layout_rooms, gammafunk_temple_overflow_wave,
          chequers_ecumenical_altar_island, grunt_gozag_breadcrumbs
D:3:      layout_loops_ring, kennysheep_ying_yang

Skill      XL: |  1  2  3 |
---------------+----------+-----
Transmutations | 2 |  2.7
Poison Magic   | 4 |  4.0
Dodging        | 4 |  4.0
Stealth        | |  3.0
Spellcasting   | |  2.6

Action                   || total
-------------------------++-------
Melee: Unarmed           ||    18
 Cast: Sting             ||    45
  Use: Scroll            ||     2
Armor: Robe              ||     1
Dodge: Dodged            ||    29

Table legend: (Time is in decaauts)
 A = Elapsed time spent in this place.
 B = Non-inter-level travel time spent in this place.
 C = Inter-level travel time spent in this place.
 D = Time resting spent in this place.
 E = Time spent auto-exploring this place.
 F = Levels seen in this place.
 G = Mean time per level.
                   A        B        C        D        E       F      G
               +--------+--------+--------+--------+--------+-----+--------+
         Total |    588 |    588 |      0 |     20 |    429 |   3 |  196.0 |
       Dungeon |    588 |    588 |      0 |     20 |    429 |   3 |  196.0 |
               +--------+--------+--------+--------+--------+-----+--------+

Top non-repeatable levels by time:
     D:3: 348 daAuts
     D:1: 204 daAuts
     D:2: 35 daAuts
